AoeStats
← jasonpanex

Arena

509887557Analyzed
4v4 RM · 4d ago on Sep 28, 2026· 34m 3s· 8 players
Game mode
Random Map
Map size
Large (8 player)
Population
200
Speed
Normal
Resources
Standard
Victory
Conquest
Starting age
Dark Age
Ending age
Imperial Age
RankedLock teamsTeams togetherTeam positionsShared explorationLock speedFull tech treeHidden civsTurbo modeCheats
Victory
Defeat
🇹🇼 Celts · Taiwan
1094
+13
🇹🇼 Italians · Taiwan
1075
+14
🇮🇳 Sicilians · India
1032
+16
🇮🇳 Bohemians · India
1007
+16
🇦🇷 Poles · Argentina
1048
-16
🇵🇪 Spanish · Peru
1039
-15
🇭🇰 Teutons · Hong Kong SAR China
1038
-15
🇦🇷 Huns · Argentina
981
-13
you go die
11:28 Feudal Age
14:06 Double-Bit Axe
16:36 Castle Age
14:31 Gold Mining
14:48 Horse Collar
15:49 Stone Mining
16:15 Forging
18:02 Bow Saw
18:59 Loom
21:44 Heavy Plow
23:44 Wheelbarrow
25:15 Hand Cart
27:15 Scale Barding Armor
27:05 Fletching
27:17 Padded Archer Armor
27:54 Iron Casting
30:20 Imperial Age
27:37 Town Watch
27:46 Crossbowman
29:06 Bodkin Arrow
29:27 Leather Archer Armor
29:13 Scale Mail Armor
30:00 Thumb Ring
30:26 Ballistics
30:35 Chain Barding Armor
30:38 Arbalester
33:20 Chemistry
32:57 Elite Obuch
15634125
11:21 Feudal Age
15:48 Castle Age
14:16 Double-Bit Axe
14:29 Horse Collar
18:38 Wheelbarrow
20:00 Loom
25:56 Hand Cart
30:01 Imperial Age
28:15 Forging
28:06 Scale Mail Armor
28:00 Gold Mining
28:01 Stone Mining
29:35 Iron Casting
31:46 Chain Mail Armor
31:06 Elite Teutonic Knight
LORD PETER
9:08 Loom
11:32 Feudal Age
13:49 Fletching
19:47 Castle Age
17:33 Loom
22:58 Double-Bit Axe
24:18 Horse Collar
26:15 Town Watch
28:38 Stone Mining
28:38 Gold Mining
32:16 Heavy Plow
32:30 Bodkin Arrow
32:36 Padded Archer Armor
33:52 Ballistics
34:40 Leather Archer Armor
El Lobizon Chinchu
0:50 Loom
10:32 Feudal Age
13:18 Double-Bit Axe
13:16 Horse Collar
21:09 Castle Age
19:29 Gold Mining
19:34 Stone Mining
20:25 Fletching
21:02 Forging
21:15 Scale Mail Armor
22:56 Iron Casting
24:55 Gold Shaft Mining
29:47 Wheelbarrow
34:41 Imperial Age
34:10 Thumb Ring
nchan55
4:10 Loom
11:25 Feudal Age
15:21 Castle Age
13:26 Double-Bit Axe
16:01 Horse Collar
23:16 Gold Mining
26:55 Imperial Age
25:21 Wheelbarrow
24:59 Stone Mining
25:25 Heavy Plow
25:43 Bow Saw
26:26 Forging
26:24 Scale Barding Armor
27:24 Gold Shaft Mining
28:00 Stone Shaft Mining
28:11 Iron Casting
28:07 Hand Cart
28:52 Fletching
29:24 Chain Barding Armor
30:47 Chemistry
30:08 Ballistics
29:57 Husbandry
30:10 Bloodlines
31:37 Blast Furnace
30:04 Cavalier
32:25 Plate Barding Armor
33:11 Scale Mail Armor
33:08 Bodkin Arrow
34:25 Hauberk
34:45 Conscription
火耗龜公
11:23 Feudal Age
15:26 Castle Age
13:29 Double-Bit Axe
14:58 Horse Collar
16:45 Bow Saw
16:41 Heavy Plow
19:37 Wheelbarrow
22:55 Stone Mining
23:31 Hand Cart
24:04 Stone Mining
24:04 Gold Mining
28:54 Imperial Age
26:09 Loom
26:10 Town Watch
30:00 Conscription
29:01 Elite Woad Raider
29:04 Capped Ram
29:28 Pikeman
30:32 Siege Ram
31:42 Arson
33:22 Halberdier
jasonpanex
7:27 Loom
9:50 Feudal Age
10:43 Double-Bit Axe
13:20 Fletching
17:52 Horse Collar
21:38 Castle Age
20:16 Stone Mining
21:50 Gold Mining
22:51 Bodkin Arrow
23:15 Bow Saw
23:33 Heavy Plow
25:21 Town Watch
27:51 Stone Shaft Mining
31:12 Imperial Age
31:14 Ballistics
33:31 Two-Man Saw
快乐的小跑
8:52 Feudal Age
17:30 Castle Age
17:38 Loom
19:41 Double-Bit Axe
19:40 Horse Collar
25:20 Fortified Wall
26:05 Fletching
28:02 Masonry
29:16 Chemistry
31:29 Imperial Age
30:59 Bodkin Arrow
32:40 Chemistry
31:45 Padded Archer Armor
31:46 Scale Mail Armor
33:08 Bracer
Connection lost

Rejoining the realm…

Still unreachable

The connection could not be restored.

Session expired

The server has moved on; the page needs a fresh start.